 Dungeon Crawl Stone Soup version 0.31-a0-229-g1fc7ce93e2 (webtiles) character file.

Game seed: 16435202594424843400

9581 voltaire321 the Tainter (level 11, -1/84 HPs)
             Began as a Demonspawn Venom Mage on July 7, 2023.
             Was a Follower of Wu Jian.
             Slain by a komodo dragon (6 damage)
             ... on level 10 of the Dungeon.
             The game lasted 00:39:21 (11004 turns).

voltaire321 the Tainter (Demonspawn Venom Mage)    Turns: 11004, Time: 00:39:22

Health: -1/84      AC: 19    Str: 13    XL:     11   Next: 24%
Magic:  11/21      EV: 15    Int: 17    God:    Wu Jian [*.....]
Gold:   459        SH:  0    Dex: 13    Spells: 14/24 levels left

rFire   . . .        E - +6 flail (protect)
rCold   + . .        (no shield)
rNeg    . . .        F - +0 swamp dragon scales
rPois   +            d - +0 helmet
rElec   .            a - +1 cloak {Will+}
rCorr   .            (no gloves)
SInv    .            (no boots)
Will    +....        (no amulet)
Stlth   ++           e - ring of protection from cold
HPRegen 0.34/turn    (no ring)
MPRegen 0.17/turn

%: no passive effects
@: under a protective aura, studying Polearms
A: hooves 2, spiny 1, sturdy frame 3, demonic magic 1
a: Renounce Religion


You were on level 10 of the Dungeon.
You worshipped Wu Jian.
Wu Jian was aware of your devotion.
You visited 2 branches of the dungeon, and saw 11 of its levels.
You also visited: Bailey.

You collected 459 gold pieces.

Inventory:

Hand Weapons
 g - a +0 short sword
 k - a +0 long sword
 w - a +2 broad axe of flaming
 E - a +6 flail of protection (weapon)
Missiles
 c - 6 curare-tipped darts
Armour
 a - a +1 cloak of willpower (worn)
 d - a +0 helmet (worn)
 D - a +2 leather armour of fire resistance
 F - +0 swamp dragon scales (worn)
 G - a +3 scale mail of cold resistance
 H - +0 storm dragon scales
Jewellery
 e - a ring of protection from cold (left hand)
Wands
 b - a wand of quicksilver (1)
 j - a wand of polymorph (26)
 t - a wand of flame (20)
 y - a wand of charming (23)
Scrolls
 m - a scroll of enchant weapon
 s - 3 scrolls of revelation
 u - a scroll of fog
 x - a scroll of poison
 J - 2 scrolls of fear
 K - a scroll of blinking
Potions
 f - 2 potions of haste
 h - 3 potions of brilliance
 i - 8 potions of curing
 q - 2 potions of lignification
 r - a potion of berserk rage
 v - a potion of magic
 z - 2 potions of might
 B - 3 potions of attraction {unknown}
 C - a potion of mutation


   Skills:
 + Level 7.5 Fighting
 + Level 6.8 Armour
 + Level 7.0 Dodging
 - Level 1.7 Stealth
 + Level 7.1 Spellcasting
 + Level 4.0 Conjurations
 - Level 1.0 Transmutations
 + Level 3.6 Earth Magic
 - Level 8.0 Poison Magic


You had 14 spell levels left.
You knew the following spells:

 Your Spells              Type           Power      Damage    Failure   Level
a - Sting                 Tmut/Pois      84%        1d7       1%          1
b - Poisonous Vapours     Pois/Air       38%        N/A       3%          2
c - Olgreb's Toxic Radia  Pois           33%        N/A       4%          4
d - Stone Arrow           Conj/Erth      38%        3d9       7%          3

Your spell library contained the following spells:

 Spells                   Type           Power      Damage    Failure   Level
 Kiss of Death            Conj/Necr      48%        2d9       4%          1
 Spider Form              Tmut/Pois      21%        N/A       5%          3
 Mephitic Cloud           Conj/Pois/Air  19%        N/A       7%          3
 Summon Small Mammal      Summ           24%        N/A       12%         1
 Ensorcelled Hibernation  Hex/Ice        12%        N/A       17%         2
 Call Canine Familiar     Summ           6%         N/A       34%         3
 Inner Flame              Hex/Fire       6%         N/A       34%         3
 Summon Guardian Golem    Hex/Summ       6%         N/A       34%         3
 Flame Wave               Conj/Fire      12%        2d6       45%         4
 Sticky Flame             Conj/Fire      12%        2d4       45%         4
 Anguish                  Hex/Necr       3%         N/A       75%         4
 Silence                  Hex/Air        3%         N/A       97%         5
 Lehudib's Crystal Spear  Conj/Erth      9%         10d4      100%        8


Dungeon Overview and Level Annotations

Branches:
Dungeon (10/15)            Temple (1/1) D:7          Bailey (visited)
   Lair: D:8-11         Orc: D:9-12

Altars:
Ashenzari
Cheibriados
Dithmenos
Fedhas
Gozag
Hepliaklqana
Kikubaaqudgha
Makhleb
Nemelex Xobeh
Okawaru
Qazlal
Ru
Sif Muna
Trog
Uskayaw
Vehumet
Wu Jian
Xom
Yredelemnul

Annotations:
D:10 Harold


Innate Abilities, Weirdness & Mutations

You have hoof-like feet.
You are partially covered in sharp spines.
Your movements are significantly less encumbered by armour. (ER -6)
Spells you cast may paralyse adjacent enemies.


Message History

The killer bee is severely wounded.
The komodo dragon looks as sick as possible!
Harold looks even sicker.
The killer bee looks even sicker.
You kill the killer bee!
The Council accepts your kill. Harold is struck by your spines.
Harold closely misses you.
You hit Harold. You kick Harold, but do no damage.
Harold is heavily wounded.
Your toxic aura wanes.
Harold is struck by your spines. Harold hits you but does no damage.
You are electrocuted!
The komodo dragon is struck by your spines.
The komodo dragon closely misses you. Harold barely misses you.
Casting: Olgreb's Toxic Radiance (dangerous; 4% risk of failure)
Confirm with . or Enter, or press ? or * to list all spells.
You begin to radiate toxic energy.
The komodo dragon looks as sick as possible!
Harold looks as sick as possible!
Malevolent energies surge around you.
Harold suddenly stops moving!
The komodo dragon suddenly stops moving!
The helpless Harold fails to defend himself.
You sock Harold! You kick Harold, but do no damage.
Harold is almost dead.
Your toxic aura wanes.
The komodo dragon is no longer paralysed.
The komodo dragon completely misses you.
The komodo dragon bites you!
The helpless Harold fails to defend himself.
You hit Harold but do no damage. You kick Harold.
Harold is almost dead.
Harold is no longer paralysed.
Harold barely misses you. The komodo dragon misses you.
You hit Harold but do no damage.
Harold is almost dead.
Harold misses you. The komodo dragon bites you!!
* * * LOW HITPOINT WARNING * * *
Harold completely misses you.
The komodo dragon is struck by your spines.
The komodo dragon bites you.
You die...

.# #. ####'######
#.........#
#.........#
#.........# +
#.....l@..# ####.#
.......@..####....#
#.........#...<#
#.........'.####
#.........###
###########


You could see Harold (very poisoned) and a komodo dragon (very poisoned).

Vanquished Creatures
  Pikel (D:6)
  An orc knight (Bailey)
  An ugly thing (D:9)
  Joseph (D:7)
  Maurice (D:8)
  Maggie (D:6)
  Psyche (D:8)
  A kobold demonologist (D:9)
  A troll (D:7)
  A hornet (D:7)
  Grinder (D:4)
  3 yaks (D:8)
  A wraith (D:9)
  A vampire (D:8)
  A wyvern (D:7)
  2 steam dragons
  Edmund (D:5)
  A water moccasin (D:7)
  Duvessa (D:6)
  2 sky beasts
  An ice beast (D:5)
  10 orc warriors
  2 black bears (D:6)
  4 centaurs
  A lemure (D:6)
  A phantom (D:5)
  3 kobold brigands
  A gnoll sergeant (D:8)
  A bullfrog (D:9)
  4 scorpions
  12 wights
  Dowan (D:6)
  9 killer bees
  3 howler monkeys (D:9)
  3 hounds
  A jelly (D:6)
  4 orc priests
  3 sleepcaps
  A gnoll bouda (D:5)
  5 iguanas
  11 orc wizards
  Natasha (thrice) (D:3)
  Robin (D:4)
  7 gnolls
  10 adders
  2 white imps (D:7)
  An ufetubus (D:5)
  2 worms (D:2)
  7 dart slugs
  43 orcs
  9 bats
  12 endoplasms
  2 giant cockroaches
  21 goblins
  6 hobgoblins
  4 jackals (D:2)
  25 kobolds
  6 quokkas
  8 ball pythons
  5 frilled lizards
  8 rats
287 creatures vanquished.

Notes
Turn   | Place    | Note
-------+----------+-------------------------------------------
     0 | D:1      | voltaire321 the Demonspawn Venom Mage began the quest for
                  | the Orb.
     0 | D:1      | Reached XP level 1. HP: 13/13 MP: 3/3
    83 | D:1      | Reached skill level 1 in Transmutations
   359 | D:1      | Gained mutation: Spells you cast may paralyse adjacent
                  | enemies. [demonic ancestry]
   359 | D:1      | Reached XP level 2. HP: 20/20 MP: 1/5
   827 | D:1      | Learned a level 2 spell: Poisonous Vapours
   871 | D:1      | Found a faded altar of an unknown god.
   989 | D:1      | Reached skill level 1 in Fighting
   989 | D:1      | Gained mutation: You have large cloven feet. [demonic
                  | ancestry]
   989 | D:1      | Reached XP level 3. HP: 26/26 MP: 1/6
  1263 | D:2      | Found an opulent altar of Gozag.
  1351 | D:2      | Got the Almanac of Blasted Haze
  1372 | D:2      | Reached skill level 1 in Armour
  1801 | D:2      | Gained mutation: You have hoof-like feet. [demonic
                  | ancestry]
  1801 | D:2      | Reached XP level 4. HP: 31/32 MP: 2/7
  2192 | D:3      | Noticed Natasha
  2200 | D:3      | Killed Natasha
  2262 | D:3      | Learned a level 4 spell: Olgreb's Toxic Radiance
  2297 | D:3      | Gained mutation: Your movements are slightly less
                  | encumbered by armour. (ER -2) [demonic ancestry]
  2297 | D:3      | Reached XP level 5. HP: 38/38 MP: 5/9
  2398 | D:3      | Found a snail-covered altar of Cheibriados.
  2670 | D:3      | Noticed Natasha
  2678 | D:3      | Killed Natasha
  2821 | D:3      | Noticed Natasha
  2830 | D:3      | Killed Natasha
  3097 | D:4      | Reached skill level 4 in Poison Magic
  3098 | D:4      | Reached XP level 6. HP: 45/45 MP: 5/10
  3397 | D:4      | Noticed Robin
  3409 | D:4      | Killed Robin
  3593 | D:4      | You fall into a shaft and drop 2 floors!
  3597 | D:5      | Entered Level 5 of the Dungeon
  3597 | D:5      | Noticed Grinder
  3734 | D:5      | Gained mutation: You are partially covered in sharp spines.
                  | [demonic ancestry]
  3734 | D:5      | Reached XP level 7. HP: 52/52 MP: 4/12
  4098 | D:5      | Paralysed by Grinder for 4 turns
  4107 | D:4      | Paralysed by Grinder for 4 turns
  4115 | D:4      | Killed Grinder
  4216 | D:5      | Reached skill level 5 in Poison Magic
  4216 | D:5      | Gained mutation: Your movements are less encumbered by
                  | armour. (ER -4) [demonic ancestry]
  4216 | D:5      | Reached XP level 8. HP: 35/60 MP: 10/14
  4693 | D:5      | Noticed Edmund
  4710 | D:5      | Killed Edmund
  4805 | D:5      | Found a radiant altar of Vehumet.
  4816 | D:5      | Found an ancient bone altar of Kikubaaqudgha.
  4825 | D:5      | Found a shimmering blue altar of Sif Muna.
  4977 | D:6      | Noticed Pikel
  4978 | D:6      | Found an iron altar of Okawaru.
  4995 | D:6      | Killed Pikel
  4996 | D:6      | Reached skill level 5 in Spellcasting
  5131 | D:5      | Reached skill level 5 in Fighting
  5131 | D:5      | Reached skill level 5 in Dodging
  5131 | D:5      | Reached skill level 6 in Poison Magic
  5131 | D:5      | Reached XP level 9. HP: 50/68 MP: 13/16
  5869 | D:6      | Found an opulent altar of Gozag.
  5933 | D:6      | Reached skill level 5 in Armour
  6244 | D:6      | Noticed Maggie
  6257 | D:6      | Killed Maggie
  6332 | D:6      | Noticed Duvessa
  6332 | D:6      | Noticed Dowan
  6338 | D:6      | Killed Dowan
  6353 | D:6      | Killed Duvessa
  6565 | D:6      | Learned a level 3 spell: Stone Arrow
  6701 | D:7      | Found a flagged portal.
  6709 | Bailey   | Entered a bailey
  6820 | Bailey   | Reached skill level 7 in Poison Magic
  6942 | Bailey   | Noticed an orc knight
  6952 | Bailey   | Reached skill level 1 in Conjurations
  6956 | Bailey   | Gained mutation: Your movements are significantly less
                  | encumbered by armour. (ER -6) [demonic ancestry]
  6956 | Bailey   | Reached XP level 10. HP: 66/76 MP: 11/19
  6977 | Bailey   | Killed an orc knight
  6978 | Bailey   | Reached skill level 1 in Earth Magic
  7262 | D:7      | Noticed Joseph
  7281 | D:7      | Killed Joseph
  7380 | D:7      | Found a staircase to the Ecumenical Temple.
  7386 | Temple   | Entered the Ecumenical Temple
  8439 | D:8      | Noticed Maurice
  8523 | D:8      | Killed Maurice
  8656 | D:8      | Noticed Psyche
  8674 | D:8      | Killed Psyche
  9053 | D:8      | Found an ornate altar of the Wu Jian Council.
  9068 | D:8      | Reached XP level 11. HP: 69/84 MP: 17/21
  9075 | D:8      | Became a worshipper of the Wu Jian Council
 10032 | D:9      | Found a sacrificial altar of Ru.
 10039 | D:9      | Reached * piety under Wu Jian
 10061 | D:9      | Reached skill level 8 in Poison Magic
 10178 | D:9      | Noticed a red ugly thing
 10190 | D:9      | Killed a red ugly thing
 10317 | D:9      | Found a broken altar of Ashenzari.
 10439 | D:10     | Entered Level 10 of the Dungeon
 10988 | D:10     | Noticed Harold
 11004 | D:10     | Slain by a komodo dragon

Illustrated notes

Levels and vault maps discovered:
D:1:      lemuel_arrival_river_ford, layout_rooms,
          shapermc_ecumenical_altar_venn, chequers_serial_rivers_small_b
D:2:      layout_rooms, basic_altar, minmay_tiny_reverse_x
D:3:      layout_basic, kennysheep_slug_shrine, kennysheep_potato, uniq_natasha
D:4:      layout_basic, uniq_robin
D:5:      layout_basic, palyth_temple_overflow_mages, uniq_edmund, uniq_grinder
D:6:      layout_rooms, lemuel_tele_altar, okawaru_ov_weapons_minmay,
          supply_closet_lemuel, uniq_pikel, uniq_duvessa, uniq_maggie
D:7:      layout_basic, minmay_temple_entry_fiery, enter_bailey_3,
          dk_noncrumbling_4, uniq_joseph
D:8:      layout_cave_pools, tso_altar, mainiacjoe_overflow_alcove_1,
          uniq_psyche, uniq_maurice
D:9:      layout_irregular_city, nicolae_overflow_hidden_temple,
          nicolae_ru_great_annihilating_truth
D:10:     layout_roguey, due_lair_maze_entry_diamond, uniq_harold, uniq_grum
Temple:   hellmonk_temple_forest_ring

Skill      XL: |  1  2  3  4  5  6  7  8  9 10 11 |
---------------+----------------------------------+-----
Transmutations | 1 |  1.0
Dodging        | 2 3 4 5 6 7 |  7.0
Fighting       | 1 2 3 5 6 7 |  7.5
Armour         | 1 2 3 4 5 6 |  6.8
Spellcasting   | 3 4 5 6 7 |  7.1
Poison Magic   | 4 5 6 7 8 |  8.0
Conjurations   | 1 3 4 |  4.0
Earth Magic    | 3 |  3.6
Stealth        | |  1.7

Action                     |  1- 3 |  4- 6 |  7- 9 | 10-12 || total
---------------------------+-------+-------+-------+-------++-------
  Melee: Unarmed           |     9 |       |       |       ||     9
         Short sword       |    36 |   102 |    39 |       ||   177
         Kick              |     9 |    37 |    56 |    53 ||   155
         Punch             |       |     1 |     1 |     2 ||     4
         Flail             |       |       |   101 |   146 ||   247
   Cast: Sting             |    71 |   101 |   109 |    74 ||   355
         Poisonous Vapours |       |     2 |       |     4 ||     6
         Olgreb's Toxic Ra |       |       |     2 |     9 ||    11
         Stone Arrow       |       |       |       |     3 ||     3
Ability: Lunge             |       |       |       |     6 ||     6
    Use: Scroll            |       |     5 |     4 |    14 ||    23
         Potion            |       |     4 |     2 |     1 ||     7
   Stab: Paralysed         |    21 |    53 |    67 |    44 ||   185
         Sleeping          |       |     2 |     5 |     1 ||     8
 Armour: Robe              |    21 |    39 |    16 |       ||    76
         Leather armour    |       |       |    35 |       ||    35
         Swamp dragon scal |       |       |    20 |    70 ||    90
  Dodge: Dodged            |    48 |   106 |   154 |   162 ||   470

Table legend: (Time is in decaauts)
 A = Elapsed time spent in this place.
 B = Non-inter-level travel time spent in this place.
 C = Inter-level travel time spent in this place.
 D = Time resting spent in this place.
 E = Time spent auto-exploring this place.
 F = Levels seen in this place.
 G = Mean time per level.
                   A        B        C        D        E       F      G
               +--------+--------+--------+--------+--------+-----+--------+
         Total |  11137 |  10858 |    279 |   3889 |   4080 |  12 |  928.1 |
       Dungeon |  10418 |  10149 |    269 |   3730 |   3903 |  10 | 1041.8 |
        Temple |    166 |    156 |     10 |      0 |    112 |   1 |  166.0 |
        Bailey |    552 |    552 |      0 |    159 |     64 |   1 |  552.0 |
               +--------+--------+--------+--------+--------+-----+--------+

Top non-repeatable levels by time:
     D:5: 1723 daAuts
     D:1: 1267 daAuts
     D:9: 1108 daAuts
     D:7: 1085 daAuts
     D:6: 1081 daAuts
     D:8: 970 daAuts
     D:4: 952 daAuts
     D:2: 928 daAuts
     D:3: 747 daAuts
  Bailey: 552 daAuts
    D:10: 551 daAuts
  Temple: 166 daAuts
